 Dungeon Crawl Stone Soup version 0.18-a0-837-gd08d4d7 (webtiles) character file.

420 Chiseanne the Skirmisher (level 6, -2/47 HPs)
             Began as a Mummy Wanderer on Dec 18, 2015.
             Slain by a centaur (5 damage)
             ... on level 5 of the Dungeon.
             The game lasted 00:09:57 (3683 turns).

Chiseanne the Skirmisher (Mummy Wanderer)           Turns: 3683, Time: 00:09:57

Health: -2/47      AC:  6    Str: 18    XL:     6   Next: 62%
Magic:  7/7        EV: 11    Int: 11    God:
Gold:   152        SH:  0    Dex: 11    Spells: 0 memorised, 5 levels left

rFire  x . .     SeeInvis .     a - +3 hand axe
rCold  + . .     Gourm    .     k - +0 ring mail
rNeg   + + +     Faith    .     (no shield)
rPois  ∞         Spirit   .     (no helmet)
rElec  .         Dismiss  .     (no cloak)
rCorr  .         Reflect  .     (no gloves)
SustAt .         Harm     .     h - +0 pair of boots
MR     .....                    (no amulet)
Stlth  +.........               (no ring)
                                (no ring)

@: not resistant to hostile enchantments, very unstealthy
A: no food or potions, fire vulnerability, cold resistance 1, negative energy
resistance 3, torment resistance, unbreathing
a: no special abilities


You were on level 5 of the Dungeon.
You were not hungry.

You visited 1 branch of the dungeon, and saw 6 of its levels.

You collected 152 gold pieces.

Inventory:

Hand Weapons
 a - a +3 hand axe (weapon)
 w - a +0 blowgun
Missiles
 b - 6 javelins (quivered)
 c - 40 poisoned needles
 g - 2 curare-tipped needles
 m - 15 sling bullets
 n - 6 bolts of flame
 o - 5 tomahawks
Armour
 h - a +0 pair of boots (worn)
 k - a +0 ring mail (worn)
Wands
 f - a wand of disintegration (12)
 p - a wand of draining (9)
Scrolls
 d - 2 scrolls of enchant weapon
 e - 3 scrolls of remove curse
 i - a scroll of immolation
 j - 2 scrolls of identify
 l - a scroll of fog


   Skills:
 * Level 3.3 Fighting
   Level 2.4 Long Blades
 - Level 1.5 Axes
 - Level 1.0 Throwing
 * Level 3.0 Armour
 * Level 3.1 Dodging
 - Level 1.5 Stealth
 * Level 1.7 Evocations


You had 5 spell levels left.
You didn't know any spells.

Dungeon Overview and Level Annotations

Branches:
Dungeon (6/15)
 Temple: D:4-7

Altars:
Ashenzari
Makhleb
Vehumet
The Shining One


Innate Abilities, Weirdness & Mutations

You do not eat or drink.
Your flesh is vulnerable to fire.
You are immune to poison.
Your flesh is cold resistant.
You are immune to negative energy.
You are immune to unholy pain and torment.
You can survive without breathing.


Message History

The worker ant twitches its antennae in your direction.
You hit the centaur.
The centaur is heavily wounded.
You hit the hound.
The hound is severely wounded.
Your ring mail prevents you from hitting the giant gecko zombie.
The centaur closely misses you. The hound closely misses you.
The centaur barely misses you. The hound barely misses you.
The giant gecko zombie bites you but does no damage.
You hit the centaur.
The centaur is severely wounded.
You hit the giant gecko zombie.
You destroy the giant gecko zombie!
You hit the hound.
You kill the hound!
The centaur hits you but does no damage. x2
You hit the centaur.
The centaur is severely wounded.
The centaur closely misses you. The centaur hits you.
You die...

...... .[...#
........######.
.#...#
#...........$..
.##..#
...#.......... .#
..# #....a.....8.
#............
#............8 .
#....c†........
..#....@.........#
.......(.........#
......$(........#
#......(.......#
..##<.........#
.....##(......###
###..##.........#
#...........#.#
##.####.......#


You could see a centaur and a worker ant.

Vanquished Creatures
  A giant frog (D:6)
  2 orc wizards
  An orc priest (D:3)
  A hound (D:5)
  2 centaur skeletons
  A worker ant (D:4)
  2 gnolls (D:4)
  6 adders
  2 oozes
  2 worms
  3 giant geckos
  3 orcs
  A ball python (D:3)
  4 hobgoblins
  3 jackals (D:1)
  2 quokkas
  6 bats
  5 giant cockroaches
  A giant gecko zombie (D:5)
  7 giant newts
  11 goblins
  10 kobolds
  A quokka skeleton (D:5)
  10 rats
87 creatures vanquished.

Notes
Turn   | Place    | Note
--------------------------------------------------------------
     0 | D:1      | Chiseanne the Mummy Wanderer began the quest for the Orb.
     0 | D:1      | Chiseanne set off with: a +2 hand axe, a +0 quarterstaff, 11 poisoned needles, a +0 blowgun, a +0 robe, a +0 dagger
     0 | D:1      | Reached XP level 1. HP: 13/13 MP: 1/1
   406 | D:1      | Reached XP level 2. HP: 7/20 MP: 2/2
   716 | D:1      | Reached skill level 1 in Fighting
   883 | D:1      | Reached XP level 3. HP: 23/26 MP: 3/3
  1642 | D:2      | Reached XP level 4. HP: 33/33 MP: 4/4
  1891 | D:2      | Found a burning altar of Makhleb.
  1891 | D:2      | Found a radiant altar of Vehumet.
  2294 | D:3      | Reached XP level 5. HP: 17/39 MP: 5/5
  2616 | D:3      | Found a glowing golden altar of the Shining One.
  2810 | D:3      | Found a shattered altar of Ashenzari.
  3206 | D:4      | Reached skill level 1 in Evocations
  3206 | D:4      | Reached XP level 6. HP: 31/46 MP: 6/6
  3209 | D:4      | Reached skill level 3 in Fighting
  3220 | D:5      | Entered Level 5 of the Dungeon
  3680 | D:5      | HP: 2/47 [hound (2)]
  3683 | D:5      | Slain by a centaur

Vault maps used:
D:1:      lightli_arrival_flooded_house, corexii_corridor_pit, st_stairs_13,
          roderic_lattice_a, hangedman_abyss_or_decor_lesser_grid
D:2:      gammafunk_temple_overflow_wave
D:3:      lemuel_upstairs_altar, st_stairs_4, tso_metal_star
D:4:      first_bread
D:5:      nicolae_ossuary_entry_monument
D:6:      kennysheep_generic_room_3

Action                   |  1- 3 |  4- 6 || total
-------------------------+-------+-------++-------
Melee: Hand axe          |   100 |   147 ||   247
Throw: Javelin           |       |     5 ||     5
Evoke: Wand              |       |     1 ||     1
  Use: Scroll            |     3 |     6 ||     9
 Stab: Sleeping          |     4 |       ||     4
